AoeStats
← All Conquistadors Are BSTRD

Arabia

509574117Analyzed
2v2 RM · 6d ago on Sep 27, 2026· 38m 0s· 4 players
Game mode
Random Map
Map size
Medium (4 player)
Population
200
Speed
Normal
Resources
Standard
Victory
Conquest
Starting age
Dark Age
Ending age
Imperial Age
RankedLock teamsTeams togetherTeam positionsShared explorationLock speedFull tech treeHidden civsTurbo modeCheats
Victory
Defeat
🇹🇼 Burgundians · Taiwan
1347
+16
🇹🇼 Wei · Taiwan
1336
+16
🇲🇾 Varangians · Malaysia
1359
-17
1313
-15
Tintagel
6:39 Loom
9:25 Feudal Age
9:55 Double-Bit Axe
9:51 Horse Collar
13:11 Bloodlines
18:12 Scale Barding Armor
20:23 Forging
23:58 Scale Mail Armor
26:06 Castle Age
27:09 Chain Barding Armor
27:01 Pikeman
30:08 Wheelbarrow
32:33 Bow Saw
All Conquistadors Are BSTRD
7:03 Loom
9:53 Feudal Age
10:09 Man-at-Arms
12:10 Town Watch
15:48 Wheelbarrow
15:17 Horse Collar
15:55 Double-Bit Axe
21:14 Castle Age
19:19 Gold Mining
20:49 Bloodlines
20:47 Scale Barding Armor
20:53 Forging
22:22 Chain Barding Armor
23:46 Iron Casting
24:24 Husbandry
37:53 Ballistics
37:25 Fletching
38:09 Hand Cart
GOGOGO
6:28 Loom
9:15 Feudal Age
10:11 Double-Bit Axe
22:06 Castle Age
20:20 Gold Mining
20:43 Fletching
20:39 Horse Collar
21:47 Bloodlines
22:38 Scale Barding Armor
22:44 Forging
23:07 Husbandry
31:37 Chain Barding Armor
33:47 Bodkin Arrow
37:30 Ballistics
查理曼大帝
2:42 Double-Bit Axe
6:06 Loom
9:29 Feudal Age
10:20 Bow Saw
9:54 Horse Collar
10:35 Heavy Plow
18:34 Forging
23:04 Castle Age
21:31 Scale Barding Armor
23:08 Cavalier
23:49 Husbandry
24:10 Chain Barding Armor
23:51 Gold Mining
27:00 Gold Shaft Mining
27:19 Wheelbarrow
28:49 Stone Mining
30:08 Fletching
33:34 Iron Casting
Connection lost

Rejoining the realm…

Still unreachable

The connection could not be restored.

Session expired

The server has moved on; the page needs a fresh start.